[Event "Late-Titled-Tuesday-Blitz-April-16-2024"]
[Site "Chess.com"]
[Date "2024.04.16"]
[Round "2"]
[White "Rud_Makarian"]
[Black "xasid81"]
[Result "0-1"]
[WhiteElo "3009"]
[BlackElo "2648"]
[TimeControl "180+1"]
[EndTime "14:17:28 PDT"]
[Termination "xasid81 won by resignation"]

1. d4 d5 2. c4 c6 3. Nf3 Nf6 4. Nc3 e6 5. Bg5 Nbd7 6. e3 h6 7. Bf4 Be7 8. Qc2 b6 9. cxd5 exd5 10. Be2 Bb7 11. Rd1 Rc8 12. Nh4 g5 13. Ng6 fxg6 14. Qxg6+ Kf8 15. Bg3 Qe8 16. Qc2 Kg7 17. O-O c5 18. Bd3 c4 19. Bf5 Rd8 20. f4 Nf8 21. fxg5 hxg5 22. Be5 Ng6 23. Nb5 Bc8 24. Nc7 Qf7 25.
Bxc8 Rxc8 26. Qf5 Rxc7 27. Bxc7 g4 28. Be5 Rf8 29. Qxg4 Kh7 30. Qh3+ Kg8 31. Rf5 Qe6 32. Rdf1 Nh7 33. Qxh7+ Kxh7 34. Rh5+ Kg8 35. Re1 Rf5 36.
Rh6 Bf8 37. Rh3 Nxe5 38. dxe5 Rxe5 39. Rg3+ Bg7 40. Rf3 Re4 41. h3 d4 42. Ref1 Rxe3 0-1

[Event "Late-Titled-Tuesday-Blitz-April-16-2024"]
[Site "Chess.com"]
[Date "2024.04.16"]
[Round "2"]
[White "Harsha_Bharathakoti"]
[Black "ReadySkate"]
[Result "0-1"]
[WhiteElo "2913"]
[BlackElo "2614"]
[TimeControl "180+1"]
[EndTime "14:17:28 PDT"]
[Termination "ReadySkate won on time"]

1. Nf3 Nf6 2. c4 g6 3. Nc3 d5 4. cxd5 Nxd5 5. h4 Bg7 6. h5 O-O 7. d4 Nxc3 8. bxc3 c5 9. hxg6 hxg6 10. Bh6 Bxh6 11. Rxh6 Kg7 12. Qd2 Rh8 13. Rxh8 Qxh8 14.
Qg5 cxd4 15. cxd4 Kf8 16. Rc1 Nc6 17. d5 Nb4 18. Qd2 Na6 19. d6 exd6 20. Qxd6+ Kg7 21. e3 Be6 22. Nd4 Re8 23. Bxa6 bxa6 24. Qe5+ Kg8 25. Qxh8+ Kxh8 26. a3 Bd5 27. Rc7 Kg8 28. Rxa7 Bxg2 29. Rxa6 Rb8 30. f4 Rb1+ 31. Kf2 Rb2+ 32. Kg3 Be4 33.
Ra7 Rg2+ 34. Kh3 Rg1 35. Re7 f5 36. Ne6 Re1 37. Kh4 Rg1 38. Ng5 Bd3 39. Re6 Kg7 40.
Re7+ Kg8 41. a4 Ra1 42. Re6 Rxa4 43. Rxg6+ Kf8 44. Ne6+ Kf7 45. Kg5 Ra1 46. Rf6+ Ke7 47. Rxf5 Rg1+ 0-1

[Event "Late-Titled-Tuesday-Blitz-April-16-2024"]
[Site "Chess.com"]
[Date "2024.04.16"]
[Round "2"]
[White "TheAlienParty"]
[Black "lamomiajunior"]
[Result "0-1"]
[WhiteElo "2408"]
[BlackElo "2739"]
[TimeControl "180+1"]
[EndTime "14:17:28 PDT"]
[Termination "lamomiajunior won by resignation"]

1. c4 Nf6 2. Nf3 e6 3. e3 d5 4. b3 Be7 5. Bb2 O-O 6. Be2 b6 7. O-O Bb7 8. Nc3 Nbd7 9. Rc1 dxc4 10. Bxc4 c5 11. d4 a6 12. d5 exd5 13. Nxd5 b5 14. Nxe7+ Qxe7 15. Be2 Rad8 16. Qe1 Ne4 17. Qa5 Ndf6 18.
Rcd1 Nd5 19. Rd3 Nb4 20. Rxd8 Rxd8 21. a3 Nd3 22. Bxd3 Rxd3 23. b4 c4 24. Bd4 h6 25.
a4 Ng5 26. Ne5 Ra3 27. Ra1 Rxa1+ 28. Bxa1 f6 29. Nf3 Nxf3+ 30. gxf3 Bxf3 31. axb5 Qe4 32. h3 axb5 33. Qd8+ Kh7 34. Bxf6 Qg6+ 35. Bg5 Qxg5+ 36. Qxg5 hxg5 37. Kf1 Kh6 38. Ke1 Kh5 39. Kd2 Kh4 40. Kc3 Kxh3 41. Kd4 Kg2 42. e4 Bxe4 43. Kxe4 Kxf2 44.
Kf5 c3 45. Kxg5 c2 0-1

[Event "Late-Titled-Tuesday-Blitz-April-16-2024"]
[Site "Chess.com"]
[Date "2024.04.16"]
[Round "2"]
[White "Allion2017"]
[Black "Attacker_2006"]
[Result "0-1"]
[WhiteElo "2278"]
[BlackElo "2506"]
[TimeControl "180+1"]
[EndTime "14:17:28 PDT"]
[Termination "Attacker_2006 won by resignation"]

1. d4 g6 2. c4 Bg7 3. e4 d6 4. f3 Nc6 5. Ne2 e5 6. d5 Nce7 7. Nbc3 f5 8. Be3 Nf6 9. h3 f4 10. Bf2 g5 11. Nc1 h5 12. Be2 Ng6 13. Nd3 c5 14.
dxc6 bxc6 15. Qd2 Be6 16. b3 d5 17. cxd5 cxd5 18. Nc5 Bf7 19. Bb5+ Kf8 20. exd5 Kg8 21.
Ne6 Qa5 22. Bc4 Bxe6 23. dxe6 Kh7 24. Ne4 Qxd2+ 25. Nxd2 e4 26. fxe4 Nxe4 27. Nxe4 Bxa1 28. Nxg5+ Kg7 29. O-O Bf6 30. Nf7 Rhe8 31. Rd1 Bh4 32. Bc5 Be7 33. Bd4+ Bf6 34. Bc5 Nf8 35. Kf2 Nxe6 36.
Bxe6 Rxe6 37. Nd6 Rd8 38. Kf3 Kg6 39. Rd2 Be7 0-1

[Event "Late-Titled-Tuesday-Blitz-April-16-2024"]
[Site "Chess.com"]
[Date "2024.04.16"]
[Round "2"]
[White "Ramil_Faizrakhmanov"]
[Black "TangerineandLemon25"]
[Result "0-1"]
[WhiteElo "2897"]
[BlackElo "2607"]
[TimeControl "180+1"]
[EndTime "14:17:29 PDT"]
[Termination "TangerineandLemon25 won by checkmate"]

1. d4 d5 2. c4 e6 3. Nf3 a6 4. Bg5 Be7 5. Bxe7 Qxe7 6. Nbd2 Nf6 7. g3 b6 8. Bg2 Bb7 9. O-O Nbd7 10. cxd5 exd5 11. Qc2 c5 12. dxc5 bxc5 13. Nh4 O-O 14. Rfe1 g6 15. Rad1 Ne5 16. Nhf3 Nc6 17. Nb3 Ne4 18.
a3 Rac8 19. Nfd2 c4 20. Nc1 Nd4 21. Qb1 c3 22. Bxe4 cxd2 23. Rxd2 Rxc1 24. Rxc1 Nb3 25.
Bxd5 Nxd2 26. Qd3 Bxd5 27. Qxd2 Rd8 28. Rd1 Rd7 29. Qa5 Qe4 30. f3 Qe3+ 31. Kf1 Bxf3 32. Rxd7 Qxe2+ 33. Kg1 Qg2# 0-1

[Event "Late-Titled-Tuesday-Blitz-April-16-2024"]
[Site "Chess.com"]
[Date "2024.04.16"]
[Round "2"]
[White "ElCoachRene"]
[Black "JoakimVonAnd"]
[Result "0-1"]
[WhiteElo "1964"]
[BlackElo "2693"]
[TimeControl "180+1"]
[EndTime "14:17:30 PDT"]
[Termination "JoakimVonAnd won on time"]

1. Nf3 Nf6 2. d4 d5 3. Bf4 e6 4. e3 Bd6 5. Bg3 c5 6. c3 O-O 7. Nbd2 Qc7 8. Ne5 Nbd7 9. f4 b6 10. Bd3 Bb7 11. Qf3 g6 12. Bh4 Nh5 13. g4 Ng7 14. Nxd7 Qxd7 15. Bf6 Ne8 16. Bg5 f6 17. Bh6 Rf7 18. h4 e5 19. Qg2 cxd4 20. exd4 exf4 21. O-O-O Ng7 22. h5 g5 23. Rde1 Re8 24. Bxg7 Kxg7 25.
Bf5 Qd8 26. h6+ Kg8 27. Nf3 Rfe7 28. Rxe7 Rxe7 29. Re1 Qe8 30. Kd2 Rxe1 31. Nxe1 Qe3+ 32. Kd1 a5 33. Qe2 Qxe2+ 34. Kxe2 Bf8 35. Be6+ Kh8 36.
Nf3 Bxh6 0-1

[Event "Late-Titled-Tuesday-Blitz-April-16-2024"]
[Site "Chess.com"]
[Date "2024.04.16"]
[Round "2"]
[White "GM_dmitrij"]
[Black "Rainbow2014"]
[Result "1-0"]
[WhiteElo "2987"]
[BlackElo "2419"]
[TimeControl "180+1"]
[EndTime "14:17:30 PDT"]
[Termination "GM_dmitrij won on time"]

1. c4 e6 2. Nf3 d5 3. g3 Nf6 4. Bg2 Be7 5. b3 O-O 6. Bb2 b6 7. O-O Bb7 8. cxd5 exd5 9. d4 Nbd7 10. Nc3 Re8 11. Rc1 c6 12. Rc2 Bd6 13. e3 Ne4 14. Nxe4 Rxe4 15. Ne5 Rxe5 16. dxe5 Bxe5 17. e4 Bxb2 18.
exd5 Ba6 19. Re1 Bf6 20. dxc6 Nc5 21. Qxd8+ Rxd8 22. c7 Rc8 23. Bh3 Ne6 24. Bxe6 fxe6 25. Rxe6 Kf7 26. Re1 Bd3 27. Rcc1 Bf5 28. Kg2 Be6 29.
f3 Bd5 30. h4 Be7 31. Re5 Bb7 32. Rc4 Bd6 33. Rf5+ Ke6 34. Rg5 g6 35. h5 Kf6 36.
Rcg4 Rxc7 37. hxg6 Rc2+ 38. Kf1 1-0

[Event "Late-Titled-Tuesday-Blitz-April-16-2024"]
[Site "Chess.com"]
[Date "2024.04.16"]
[Round "2"]
[White "masnyszachistaaa"]
[Black "Shtembuliak"]
[Result "0-1"]
[WhiteElo "2568"]
[BlackElo "2871"]
[TimeControl "180+1"]
[EndTime "14:17:31 PDT"]
[Termination "Shtembuliak won on time"]

1. Nf3 Nf6 2. g3 g6 3. Bg2 Bg7 4. O-O O-O 5. d4 d6 6. b3 a5 7. a3 a4 8. b4 c5 9. Bb2 cxb4 10. axb4 b5 11. c4 bxc4 12. Nfd2 Ra7 13. Nxc4 Be6 14. d5 Bd7 15. Nba3 Na6 16. Qd2 Qb8 17. Rab1 Bf5 18. Rbc1 Qxb4 19. Bc3 Qb3 20. Rfe1 Nc5 21. f3 Qb8 22. e4 Nb3 23. Qc2 Bd7 24. Rb1 Rc7 25.
Qd3 Rfc8 26. Ba1 Qa7+ 27. Kh1 h5 28. f4 Ng4 0-1

[Event "Late-Titled-Tuesday-Blitz-April-16-2024"]
[Site "Chess.com"]
[Date "2024.04.16"]
[Round "2"]
[White "GlavkonVVS"]
[Black "Szparu"]
[Result "1-0"]
[WhiteElo "2600"]
[BlackElo "2876"]
[TimeControl "180+1"]
[EndTime "14:17:32 PDT"]
[Termination "GlavkonVVS won by checkmate"]

1. c4 e6 2. Nc3 d5 3. d4 Nf6 4.
Nf3 Be7 5. Bg5 h6 6. Bxf6 Bxf6 7. e3 O-O 8. Qc2 c6 9. g4 g6 10. h4 Bg7 11. g5 h5 12. O-O-O Qe7 13. Nd2 b5 14. c5 e5 15. dxe5 Qxc5 16. Nb3 Qe7 17. f4 a5 18. Nd4 Bb7 19. Bg2 Nd7 20. Kb1 b4 21. Nxc6 Bxc6 22. Nxd5 Bxd5 23. Bxd5 Rac8 24.
Qxg6 Nxe5 25. fxe5 Qxe5 26. Rd2 Rcd8 27. Bxf7+ Rxf7 28. Rxd8+ Rf8 29. Rxf8+ Kxf8 30. Rf1+ Kg8 31. Qf7+ Kh8 32.
Qxh5+ Kg8 33. Qf7+ Kh8 34. Qf2 Qe4+ 35. Qc2 Qg4 36. Rd1 Be5 37. a3 bxa3 38. Rd8+ Kg7 39. Qd3 Qg1+ 40. Ka2 axb2 41. Rd7+ Kf8 42. Qf5+ Ke8 43.
Qf7# 1-0

[Event "Late-Titled-Tuesday-Blitz-April-16-2024"]
[Site "Chess.com"]
[Date "2024.04.16"]
[Round "2"]
[White "laskakid"]
[Black "ellatambien"]
[Result "0-1"]
[WhiteElo "2370"]
[BlackElo "2717"]
[TimeControl "180+1"]
[EndTime "14:17:32 PDT"]
[Termination "ellatambien won by resignation"]

1. e4 c6 2. d3 e5 3. Nf3 Nf6 4. g3 Bd6 5. Bg2 O-O 6. O-O Bc7 7. c3 Re8 8. Re1 h6 9. Nbd2 a5 10. d4 d6 11. Qc2 a4 12. Rb1 Nbd7 13. b4 axb3 14.
axb3 Nf8 15. b4 Ng6 16. Bb2 Be6 17. Ra1 Qd7 18. c4 Bh3 19. Bh1 h5 20. dxe5 Rxa1 21.
Rxa1 dxe5 22. c5 h4 23. Nc4 Qg4 24. Re1 Qh5 25. Nd6 Rb8 26. Nf5 hxg3 27. fxg3 Nxe4 28.
Nxg7 Kxg7 29. Qxe4 f6 30. Re2 Rd8 31. Rd2 Rxd2 32. Nxd2 Qd1+ 33. Kf2 Qxd2+ 34. Qe2 Qxe2+ 35. Kxe2 Be6 36. Be4 Bd5 37. Bf5 b6 38. cxb6 Bxb6 39. h4 Ne7 40. g4 Nxf5 41. gxf5 Be4 42. Bc1 Bxf5 0-1

[Event "Late-Titled-Tuesday-Blitz-April-16-2024"]
[Site "Chess.com"]
[Date "2024.04.16"]
[Round "2"]
[White "Statham_01"]
[Black "MrTattaglia"]
[Result "0-1"]
[WhiteElo "2609"]
[BlackElo "2955"]
[TimeControl "180+1"]
[EndTime "14:17:34 PDT"]
[Termination "MrTattaglia won by resignation"]

1. e4 c5 2. Nf3 a6 3. c3 e6 4. d4 d5 5. exd5 exd5 6. Bd3 Nf6 7. O-O Be7 8. dxc5 Bxc5 9. Re1+ Be7 10. Bg5 O-O 11. Qa4 h6 12. Qh4 hxg5 13. Nxg5 g6 14. Qh6 Nc6 15. Nd2 Qd6 16. Ndf3 Bg4 17. Re3 Bh5 18. h3 Rfe8 19. Nxf7 Kxf7 20. Ng5+ Kg8 21. Bxg6 Bf8 22. Bh7+ Kh8 23. Rxe8 Rxe8 24. Qxh5 Nxh5 25. Nf7+ Kxh7 26. Nxd6 Bxd6 0-1

[Event "Late-Titled-Tuesday-Blitz-April-16-2024"]
[Site "Chess.com"]
[Date "2024.04.16"]
[Round "2"]
[White "balachess2006"]
[Black "Hikaru"]
[Result "0-1"]
[WhiteElo "2691"]
[BlackElo "3272"]
[TimeControl "180+1"]
[EndTime "14:17:35 PDT"]
[Termination "Hikaru won by resignation"]

1. c4 a6 2. e3 e6 3. Nc3 d5 4. Nf3 dxc4 5. Bxc4 b5 6. Bb3 c5 7. d4 Nf6 8. O-O Nbd7 9. a3 Bb7 10. Qe2 Bd6 11. Rd1 O-O 12. dxc5 Nxc5 13. Bc2 Qc7 14. h3 Rac8 15. Bd2 Qe7 16. Rac1 Bb8 17. b4 Ncd7 18. Bb3 Nb6 19. Nb1 Bd5 20. Bxd5 exd5 21. Rxc8 Rxc8 22. Bc3 Ne4 23. Ba1 Qd6 24. Nbd2 Qc7 25.
Nb3 f6 26. g3 Qc4 27. Nbd4 Qxe2 28. Nxe2 Rc2 29. Nfd4 Ra2 30. Nc3 Nxf2 31. Nxa2 Nxd1 32. Nf5 g6 33. Ne7+ Kf7 34. Nc6 Bxg3 35. Kg2 Bd6 36. Kf3 Nc4 37. Ke2 Ndxe3 38. Bd4 Nc2 39. Nc3 Nxd4+ 40.
Nxd4 Be5 41. Ndxb5 axb5 42. Nxb5 Nd6 43. Nc7 Nc4 44. Nb5 Ke7 45. a4 Kd7 46. a5 Nd6 47. Na3 Kc6 48. Kd3 Nb5 49. Nc2 h5 50. Ne3 f5 51.
Ng2 g5 52. Ne3 Nd6 53. a6 d4 54. b5+ Nxb5 55. Nxf5 Kb6 56. Ke4 Nd6+ 0-1

[Event "Late-Titled-Tuesday-Blitz-April-16-2024"]
[Site "Chess.com"]
[Date "2024.04.16"]
[Round "2"]
[White "AlexeiShirov"]
[Black "albayo"]
[Result "1-0"]
[WhiteElo "2803"]
[BlackElo "2541"]
[TimeControl "180+1"]
[EndTime "14:17:35 PDT"]
[Termination "AlexeiShirov won by resignation"]

1. e4 c5 2. Nf3 g6 3. d4 cxd4 4. Qxd4 Nf6 5. Nc3 Nc6 6. Qa4 d6 7. e5 dxe5 8. Nxe5 Bd7 9. Nxd7 Qxd7 10. Bb5 Bg7 11. O-O O-O 12. Bg5 a6 13. Bxc6 bxc6 14.
Rad1 Qf5 15. Be3 Rab8 16. b3 Qxc2 17. Rc1 Qf5 18. Qxa6 Ra8 19. Qe2 Nd5 20. Na4 Nxe3 21. Qxe3 Qf6 22. Rfe1 Rfd8 23. Rc2 Rd6 24. g3 Rad8 25.
Qxe7 Rd2 26. Qxf6 Bxf6 27. Rec1 h5 28. Kg2 h4 29. Nb6 hxg3 30. hxg3 Kg7 31. Nc4 Rxc2 32.
Rxc2 Bd4 33. Nd2 Re8 34. Nf3 Ba7 35. Kf1 Re6 36. Re2 Rd6 37. Re7 Rd1+ 38. Ke2 Bc5 39.
Kxd1 Bxe7 40. Ne5 c5 41. a4 Kf6 42. a5 Bd8 43. a6 1-0

[Event "Late-Titled-Tuesday-Blitz-April-16-2024"]
[Site "Chess.com"]
[Date "2024.04.16"]
[Round "2"]
[White "Mops_2004"]
[Black "Speed-O-Sonic"]
[Result "1-0"]
[WhiteElo "2812"]
[BlackElo "2543"]
[TimeControl "180+1"]
[EndTime "14:17:37 PDT"]
[Termination "Mops_2004 won by resignation"]

1. g3 d5 2. Nf3 g6 3. d4 Bg7 4. c4 c6 5. b3 Nf6 6. Bb2 O-O 7.
Bg2 a5 8. Nc3 a4 9. Nxa4 dxc4 10.
bxc4 Ne4 11. Nc3 Qa5 12. Qb3 b5 13. cxb5 Be6 14. Qc2 Bf5 15. g4 Nxc3 16. Qxc3 Bxg4 17. bxc6 Nxc6 18. e3 Rab8 19. Qxa5 Nxa5 20. Bc3 Nc4 21.
Nd2 Nxd2 22. Kxd2 e5 23. d5 Rfd8 24. e4 f5 25. f3 Bh5 26. Rhb1 fxe4 27. fxe4 Ra8 28.
a4 Bg4 29. a5 Rd6 30. Rb6 Rxb6 31. axb6 Rxa1 32. Bxa1 Bc8 33. Bh3 Bb7 34. Bd7 Kf7 35. Bc6 1-0

[Event "Late-Titled-Tuesday-Blitz-April-16-2024"]
[Site "Chess.com"]
[Date "2024.04.16"]
[Round "2"]
[White "OriTaichman"]
[Black "DanielDardha2005"]
[Result "0-1"]
[WhiteElo "2561"]
[BlackElo "2866"]
[TimeControl "180+1"]
[EndTime "14:17:38 PDT"]
[Termination "DanielDardha2005 won by resignation"]

1. e4 b5 2. Bxb5 Bb7 3. Nc3 f5 4. exf5 Bxg2 5. Qh5+ g6 6. fxg6 Bg7 7. gxh7+ Kf8 8. Bc4 e6 9. hxg8=Q+ Kxg8 10. Qg4 Bxh1 11. Nf3 Bxf3 12. Qxf3 Nc6 13. Bxe6+ dxe6 14. Qxc6 Rxh2 15.
d3 Rb8 16. Bf4 Rb6 17. Qe4 Rh4 18. Na4 Ra6 19. O-O-O Qd5 20. Qg6 Rxf4 21. Rg1 Rf7 22. Nc3 Qf5 23. Qg2 Rb6 24. Ne4 Qf4+ 25. Kd1 Qf3+ 26.
Qxf3 Rxf3 27. b3 Rf5 28. a4 Rb8 29. Ke2 a5 30. Rh1 Kf7 31. Rg1 Rg8 32. Rh1 Rh8 33.
Rg1 Bf6 34. Ng3 Re5+ 35. Ne4 Be7 36. Ke3 Rh3+ 37. Kd2 Rh2 38. Rg3 Rf5 39. Ke2 Bc5 40. Rg5 Rhxf2+ 41. Nxf2 Rxg5 42. Ne4 Rg2+ 43. Kf3 Rxc2 0-1

[Event "Late-Titled-Tuesday-Blitz-April-16-2024"]
[Site "Chess.com"]
[Date "2024.04.16"]
[Round "2"]
[White "DinaBelenkaya"]
[Black "olawsson"]
[Result "0-1"]
[WhiteElo "2427"]
[BlackElo "2136"]
[TimeControl "180+1"]
[EndTime "14:17:38 PDT"]
[Termination "olawsson won on time"]

1. Nf3 d6 2. g3 e5 3. Bg2 f5 4. d3 Nf6 5. Nbd2 Be7 6. e4 O-O 7.
h3 fxe4 8. dxe4 Kh8 9. Qe2 Be6 10.
Nc4 Nc6 11. c3 Qd7 12. Bd2 b5 13. Na3 a6 14. b3 d5 15. exd5 Bxd5 16. Nc2 e4 17. Nfd4 Ne5 18. O-O c5 19. c4 Bb7 20.
f4 Nd3 21. Nxb5 axb5 22. cxb5 Qxb5 23. Be3 Nd5 24. Na3 Qa6 25. Nc4 Nxe3 26. Qxe3 Bf6 27.
Bxe4 Bd4 28. Qxd4 cxd4 29. Bxd3 Qc6 30. Kf2 Rae8 0-1

[Event "Late-Titled-Tuesday-Blitz-April-16-2024"]
[Site "Chess.com"]
[Date "2024.04.16"]
[Round "2"]
[White "B_nn_t"]
[Black "WoodlandMagic"]
[Result "1-0"]
[WhiteElo "2567"]
[BlackElo "2818"]
[TimeControl "180+1"]
[EndTime "14:17:40 PDT"]
[Termination "B_nn_t won by resignation"]

1. e4 e5 2. Nf3 Nf6 3. Nxe5 d6 4. Nf3 Nxe4 5. d3 Nf6 6. d4 g6 7.
Bd3 Bg7 8. c3 O-O 9. O-O a6 10.
a4 b6 11. Re1 Bb7 12. Bg5 h6 13. Bxf6 Bxf6 14. Nbd2 Bg7 15. Be4 d5 16. Bd3 c5 17.
Ne5 Nc6 18. Ndf3 c4 19. Bc2 b5 20. axb5 axb5 21. Rxa8 Bxa8 22. h4 b4 23. h5 g5 24.
Nxc6 Bxc6 25. Ne5 Bd7 26. Nxd7 Qxd7 27. Bb1 bxc3 28. bxc3 Rb8 29. Qf3 Rb3 30. Bf5 Qd8 31.
Re3 Ra3 32. g3 Kf8 33. Kg2 Bf6 34. Bg4 Kg7 35. Qf5 Ra2 36. Bf3 Ra5 37. Bd1 Kf8 38.
Qh7 Bg7 39. Qf5 Ra6 40. Bf3 Rd6 41. Re2 Qd7 42. Qb1 Bf6 43. Qh7 Bg7 44. Qb1 Re6 45. Bg4 Bf6 46. Bxe6 fxe6 47. Qg6 Ke7 48. Qxh6 Qe8 49.
Qh7+ Kd6 50. Qg6 Qf8 51. h6 g4 52. Qxg4 1-0

[Event "Late-Titled-Tuesday-Blitz-April-16-2024"]
[Site "Chess.com"]
[Date "2024.04.16"]
[Round "2"]
[White "Polish_fighter3000"]
[Black "GothamChess"]
[Result "1-0"]
[WhiteElo "3134"]
[BlackElo "2681"]
[TimeControl "180+1"]
[EndTime "14:17:42 PDT"]
[Termination "Polish_fighter3000 won by checkmate"]

1. b3 Nf6 2. Bb2 g6 3. g3 Bg7 4. Bg2 a5 5. Nf3 a4 6. b4 d6 7. c4 Nc6 8. b5 Nb8 9. O-O O-O 10. d3 e5 11. Nc3 a3 12. Bc1 Bg4 13. h3 Bxf3 14. Bxf3 c6 15. Rb1 d5 16. cxd5 cxd5 17. Qb3 d4 18. Ne4 Nxe4 19. Bxe4 Qe7 20. Bd2 Qd7 21. Rfc1 Qxh3 22. Bxb7 Ra7 23. Rc7 Rxb7 24.
Rxb7 Nd7 25. Rxd7 Qxd7 26. b6 Rb8 27. Qxa3 Bf8 28. Qa7 Rb7 29. Qa8 Kg7 30. a4 Qc6 31. a5 Be7 32. Rc1 Qd5 33. Qxb7 Qxb7 34. Rc7 Qd5 35. Rxe7 Qb3 36. b7 Kf6 37. Rc7 h5 38.
Rc6+ Kf5 39. Rb6 Qd1+ 40. Kg2 h4 41. b8=Q h3+ 42. Kh2 Qf1 43. Qc8# 1-0

[Event "Late-Titled-Tuesday-Blitz-April-16-2024"]
[Site "Chess.com"]
[Date "2024.04.16"]
[Round "2"]
[White "Kopytkin"]
[Black "dasatcu90"]
[Result "1-0"]
[WhiteElo "2466"]
[BlackElo "2169"]
[TimeControl "180+1"]
[EndTime "14:17:47 PDT"]
[Termination "Kopytkin won by resignation"]

1. d4 d5 2. Bg5 c5 3. e3 cxd4 4.
exd4 Nc6 5. c3 Bf5 6. Qb3 Qb6 7. Qxb6 axb6 8. Nd2 f6 9. Be3 e6 10. Ngf3 Bd6 11.
h3 Bg6 12. Nh4 Bf7 13. g4 Nge7 14. f4 O-O 15. Bd3 e5 16. O-O e4 17. Be2 Be6 18. Ng2 f5 19. b3 Ra3 20. Nb1 Ra7 21.
a4 Raa8 22. Na3 Rac8 23. Nb5 Bb8 24. b4 Na7 25. Nxa7 Bxa7 26. Bd2 Bb8 27. g5 Bd6 28. Kf2 Rc7 29. Ke3 Rfc8 30. Rfc1 Ng6 31. h4 Ne7 32. Ne1 h6 33. a5 bxa5 34. Rxa5 hxg5 35. hxg5 Ng6 36.
Ng2 Bxb4 37. cxb4 Rxc1 38. Bxc1 Rxc1 39. Rc5 Rxc5 40. dxc5 Kf8 41. Bh5 Ke7 42. Bxg6 Kd7 43. Nh4 Kc6 44. Bxf5 Bg8 45. Kd4 Kb5 46. Bc8 Kxb4 47.
Bxb7 e3 48. Nf3 Kb5 49. g6 e2 50. f5 Ka5 51. Bxd5 1-0

[Event "Late-Titled-Tuesday-Blitz-April-16-2024"]
[Site "Chess.com"]
[Date "2024.04.16"]
[Round "2"]
[White "Doublekk14"]
[Black "Karttunen"]
[Result "0-1"]
[WhiteElo "2392"]
[BlackElo "2692"]
[TimeControl "180+1"]
[EndTime "14:17:48 PDT"]
[Termination "Karttunen won on time"]

1. c4 e5 2. Nc3 Nf6 3. e3 Bb4 4. Qc2 c6 5. d3 O-O 6. Bd2 d5 7. cxd5 cxd5 8. Nf3 Nc6 9. a3 Bxc3 10.
bxc3 Bg4 11. Be2 Rc8 12. h3 Bh5 13. Qa4 e4 14. dxe4 dxe4 15. Nd4 Bxe2 16. Kxe2 Ne5 17. Rhd1 Nc4 18. Qb3 Qc7 19. g3 Qd7 20. Rh1 a6 21. Rad1 Rc5 22. Kf1 Rfc8 23. Kg2 h5 24. Bc1 Qc7 25.
Ne2 Rg5 26. h4 Rb5 27. Qc2 Qe5 28. Rd4 Qf5 29. Nf4 Ne5 30. Rhd1 Qg4 31. Qe2 Nf3 32. Rd8+ Rxd8 33. Rxd8+ Kh7 34. Kf1 Rb1 35. Rd1 Qc8 36. c4 b5 37. Qc2 Qxc4+ 38. Qxc4 bxc4 39.
Ke2 c3 40. Bb2 Rxb2+ 0-1

[Event "Late-Titled-Tuesday-Blitz-April-16-2024"]
[Site "Chess.com"]
[Date "2024.04.16"]
[Round "2"]
[White "jinxy2009"]
[Black "Itay121"]
[Result "0-1"]
[WhiteElo "2338"]
[BlackElo "2535"]
[TimeControl "180+1"]
[EndTime "14:17:48 PDT"]
[Termination "Itay121 won by checkmate"]

1. e4 e5 2. Nf3 d5 3. exd5 Nf6 4. Nxe5 Qxd5 5. d4 Nc6 6. Nxc6 Qxc6 7. Nc3 Bb4 8. Be2 Qxg2 9. Bf3 Qh3 10. Be3 O-O 11.
Qe2 Re8 12. O-O-O Bxc3 13. bxc3 Qe6 14. Rhg1 Qxa2 15. Rg3 Bg4 16. Rxg4 Nxg4 17. Bxg4 c5 18. d5 Rad8 19. Qf3 Re5 20. Rd3 Rexd5 21. Qe4 Rxd3 22. cxd3 g6 23. Qc4 Qa1+ 24. Kc2 b6 25. Bf3 Qf1 26.
Be4 Qe2+ 27. Kb3 a6 28. Bd5 Rd7 29. Be4 Qd1+ 30. Kb2 h5 31. Qxa6 Qe2+ 32. Kb3 c4+ 33. Qxc4 b5 34. Qc8+ Kg7 35. Qc5 Qd1+ 36. Kb2 b4 37. Bd4+ Kh7 38. Qxb4 Ra7 39. Bc5 Qd2+ 40. Kb3 Qa2# 0-1

[Event "Late-Titled-Tuesday-Blitz-April-16-2024"]
[Site "Chess.com"]
[Date "2024.04.16"]
[Round "2"]
[White "ritanovikova"]
[Black "ShahxaibKhan"]
[Result "0-1"]
[WhiteElo "2161"]
[BlackElo "2457"]
[TimeControl "180+1"]
[EndTime "14:17:48 PDT"]
[Termination "ShahxaibKhan won by resignation"]

1. e4 d5 2. exd5 Nf6 3. Nc3 Nxd5 4. Nxd5 Qxd5 5. Nf3 Nc6 6. Be2 Bg4 7. O-O O-O-O 8. h3 h5 9. d3 e5 10. Be3 f5 11. Ng5 Be7 12. hxg4 hxg4 13. Bxg4 fxg4 14.
Qxg4+ Kb8 15. Qe6 Bxg5 16. Qxd5 Rxd5 17. Bxg5 Nd4 18. Rfc1 e4 19. Be3 Rdh5 20. f3 Ne2+ 21. Kf2 Nxc1 22. Rxc1 exf3 23. Kxf3 Rf5+ 24. Kg3 Re8 25. Bd4 c5 26. Bc3 Re2 27. Kg4 Rff2 28. g3 g6 29. Rh1 b5 30. a3 Kb7 31. Rh6 Re6 32. Rh7+ Kb6 33. d4 Re4+ 34. Kg5 cxd4 35. Bb4 a5 36. Bd6 Rxc2 37. Bc7+ Rxc7 0-1

[Event "Late-Titled-Tuesday-Blitz-April-16-2024"]
[Site "Chess.com"]
[Date "2024.04.16"]
[Round "2"]
[White "ameetghasi100"]
[Black "PositionalPanther"]
[Result "1-0"]
[WhiteElo "2785"]
[BlackElo "2523"]
[TimeControl "180+1"]
[EndTime "14:17:49 PDT"]
[Termination "ameetghasi100 won by checkmate"]

1. c4 e6 2. d4 d5 3. Nc3 a6 4. Nf3 dxc4 5. a4 Nc6 6. e4 Na5 7. Be3 Nf6 8. Be2 Bb4 9. Nd2 Rb8 10. O-O b5 11. Qc2 c6 12. Rad1 Qc7 13.
Bg5 h6 14. Bh4 Qb6 15. Bg3 Ra8 16. Be5 Bb7 17. Kh1 Rd8 18. Bf3 O-O 19. b3 cxb3 20. Nxb3 Nxb3 21. Qxb3 c5 22. axb5 axb5 23. Na2 Ba5 24.
dxc5 Qxc5 25. Qb2 Rxd1 26. Rxd1 Qe7 27. Qxb5 Ra8 28. Bxf6 gxf6 29. Rd7 Qa3 30. Qxb7 Bc3 31. Nxc3 Qc1+ 32. Nd1 Ra1 33. Qb8+ Kg7 34. Qg3+ Kf8 35. Rd8+ Ke7 36. Qd6# 1-0

[Event "Late-Titled-Tuesday-Blitz-April-16-2024"]
[Site "Chess.com"]
[Date "2024.04.16"]
[Round "2"]
[White "VD_coach"]
[Black "Msb2"]
[Result "0-1"]
[WhiteElo "2624"]
[BlackElo "3013"]
[TimeControl "180+1"]
[EndTime "14:17:50 PDT"]
[Termination "Msb2 won on time"]

1. Nf3 d5 2. d4 e6 3. c4 Nf6 4. Nc3 Bb4 5. e3 O-O 6. Bd3 dxc4 7. Bxc4 c5 8. O-O a6 9. a3 Bxc3 10. bxc3 b5 11. Bd3 Bb7 12. a4 c4 13. Bc2 Nbd7 14.
Re1 Ne4 15. Bb2 f5 16. Nd2 Nxd2 17. Qxd2 Qg5 18. f4 Qg6 19. axb5 axb5 20. Ba3 Rfe8 21. Bd6 Nf6 22. Be5 Ne4 23. Bxe4 Bxe4 24. h3 h6 25. Kh2 Kh7 26. Rg1 h5 27. Qf2 Ra4 28.
Ra2 Rea8 29. Rb2 b4 30. Rxb4 Rxb4 31. cxb4 c3 32. b5 Bd5 33. b6 Ra6 34. g4 hxg4 35. Qh4+ Qh6 36. Qxh6+ Kxh6 37. hxg4 Rxb6 38. gxf5 exf5 39.
Kg3 c2 40. Rc1 Be4 41. d5 Rb1 0-1

[Event "Late-Titled-Tuesday-Blitz-April-16-2024"]
[Site "Chess.com"]
[Date "2024.04.16"]
[Round "2"]
[White "PapaieDudu"]
[Black "Harry_Rakkel"]
[Result "0-1"]
[WhiteElo "2340"]
[BlackElo "2716"]
[TimeControl "180+1"]
[EndTime "14:17:52 PDT"]
[Termination "Harry_Rakkel won by resignation"]

1. e4 c5 2. Nf3 e6 3. d4 cxd4 4.
Nxd4 a6 5. Nc3 b5 6. Be3 Bb7 7. Be2 Ne7 8. O-O b4 9. Na4 Bxe4 10. c4 Nbc6 11. Nb3 Nc8 12. f3 Bg6 13. c5 Be7 14. f4 O-O 15. Bf3 N8a7 16. Nb6 Qc7 17. Nxa8 Rxa8 18. Rc1 Nb5 19. Nd2 Bd3 20. Re1 Bf6 21.
Qb3 Bg6 22. Nc4 Nbd4 23. Bxd4 Nxd4 24. Qxb4 Rb8 25. Nb6 Nxf3+ 26. gxf3 Qc6 27. Kg2 Bh5 28. Re3 d5 29. a4 d4 30. Rd3 Qc7 31. a5 Qxf4 32.
Rc2 Bg6 33. Nd7 Rxb4 34. c6 Qc7 35. Nb6 Bxd3 36. Rd2 Bb5 0-1